 Dungeon Crawl Stone Soup version 0.18-a0-1323-g706dcef (webtiles) character file.

214 inmateoo the Slasher (level 5, -1/55 HPs)
             Began as a High Elf Fighter on Feb 15, 2016.
             Slain by a phantom (5 damage)
             ... on level 4 of the Dungeon.
             The game lasted 00:04:29 (2395 turns).

inmateoo the Slasher (High Elf Fighter)             Turns: 2395, Time: 00:04:29

Health: -1/55      AC: 22    Str: 16    XL:     5   Next: 60%
Magic:  6/6        EV:  2    Int: 11    God:
Gold:   135        SH: 10    Dex: 15    Spells: 0 memorised, 4 levels left

rFire  . . .     SeeInvis .     a - +0 long sword
rCold  . . .     Gourm    .     (armour currently unavailable)
rNeg   + + +     Faith    .     c - +1 shield
rPois  +         Spirit   .     (helmet currently unavailable)
rElec  .         Dismiss  .     (cloak currently unavailable)
rCorr  .         Reflect  .     (gloves currently unavailable)
SustAt .         Harm     .     (boots currently unavailable)
MR     .....     NoTele   +     (no amulet)
Stlth  +.........               (no ring)
                                (no ring)

@: tree-form, not resistant to hostile enchantments, very unstealthy
A: no striking features
a: no special abilities


You were on level 4 of the Dungeon.
You were not hungry.
You were a tree.
You visited 1 branch of the dungeon, and saw 4 of its levels.

You collected 135 gold pieces.

Inventory:

Hand Weapons
 a - a +0 long sword (weapon)
 e - a +1 dagger of draining
 t - a +0 blowgun
Missiles
 g - 5 needles of paralysis
 u - 5 poisoned needles
Armour
 b - a +0 scale mail (melded)
 c - a +1 shield (worn)
 m - a +1 helmet
Wands
 k - a wand of slowing (27/48)
 l - a wand of polymorph (14/24)
 n - a wand of slowing (31/48)
Scrolls
 r - a scroll of blinking
Potions
 d - a potion of might
 h - a potion of magic
 j - a potion of curing
 w - a potion of flight
Comestibles
 f - 2 bread rations
 o - 2 beef jerkies
 p - 3 chunks of flesh
 v - a meat ration


   Skills:
 + Level 3.9 Fighting
 * Level 4.6 Long Blades
 + Level 3.6 Armour
 + Level 3.5 Shields


You had 4 spell levels left.
You didn't know any spells.

Dungeon Overview and Level Annotations

Branches:
Dungeon (4/15)
 Temple: D:4-7

Altars:
Gozag
Makhleb
Qazlal
Vehumet

Annotations:
D:3 Oracle's ghost, amateur DrFi


Message History

You barely miss the orc wizard.
The orc wizard is almost dead.
You block the orc wizard's attack.
Unknown command.
Your shield prevents you from hitting the orc wizard.
The orc wizard is almost dead.
The orc wizard hits you but does no damage.
The phantom hits you.
* * * LOW HITPOINT WARNING * * *
The orc wizard hits you but does no damage.
Unknown command.
You barely miss the orc wizard.
The orc wizard is almost dead.
The orc wizard points at you and mumbles some strange words.
The puff of flame hits you!
* * * LOW HITPOINT WARNING * * *
You block the phantom's attack.
The orc wizard hits you but does no damage.
The phantom hits you.
You die...

.##.#...#..<.......# *,,,*
...###....##..#....# *,,**
.##.#............#.# *,,*
.#*#.####.##...###<# *,,* .# #.#
#.##.(.# #.# *,,* .#
#.####......# #.# *,,* .#
#.>.......#.# #.# *,,* .#
#########.#.###.## *** *,,* ##
#.#)W♣oo.# **,***,,* *
#.#####(.# *,,,,,,,* * #.# #..#
**,****,* *
#.#***#..#****,****,* *
#............oo,,,,,*
***********####...!######o******
,,,,,,,,,,,,,...(..#** *,*
***********#........,* *,*
********** #........,* *,*


You could see a phantom, an orc wizard and an orc.

Vanquished Creatures
  2 orc priests (D:4)
  2 orc wizards (D:4)
  A worker ant (D:4)
  An adder (D:3)
  2 oozes
  2 worms (D:2)
  A giant gecko (D:3)
  5 orcs
  A ball python (D:1)
  4 giant cockroaches (D:1)
  6 goblins
  10 hobgoblins
  A ball python skeleton (D:4)
  2 bats
  A giant newt (D:1)
  8 kobolds
  6 rats
55 creatures vanquished.

Vanquished Creatures (others)
  A worm (D:2)
1 creature vanquished.

Grand Total: 56 creatures vanquished

Notes
Turn   | Place    | Note
--------------------------------------------------------------
     0 | D:1      | inmateoo the High Elf Fighter began the quest for the Orb.
     0 | D:1      | Reached XP level 1. HP: 16/16 MP: 2/2
   265 | D:1      | Reached XP level 2. HP: 21/21 MP: 3/3
   585 | D:1      | Reached XP level 3. HP: 26/26 MP: 4/4
  1302 | D:2      | Found a burning altar of Makhleb.
  1302 | D:2      | Found a radiant altar of Vehumet.
  1364 | D:2      | Found an opulent altar of Gozag.
  1543 | D:2      | Found a stormy altar of Qazlal.
  1720 | D:3      | Noticed Oracle's ghost (amateur DrFi)
  1858 | D:3      | Reached XP level 4. HP: 22/31 MP: 5/5
  2005 | D:4      | Reached skill level 4 in Long Blades
  2242 | D:4      | Reached XP level 5. HP: 30/37 MP: 6/6
  2382 | D:4      | Noticed a phantom
  2395 | D:4      | Slain by a phantom

Vault maps used:
D:1:      dpeg_arrival_prison
D:2:      gammafunk_temple_overflow_statue, nicolae_qazlal_eye_of_the_storm,
          grunt_gozag_statues
D:3:      lemuel_blue_sif_altar
D:4:      minitemple, serial_shops, kennysheep_little_box

Action                   |  1- 3 |  4- 6 || total
-------------------------+-------+-------++-------
Melee: Long sword        |   144 |    51 ||   195
       Dagger            |       |    28 ||    28
 Fire: Blowgun           |       |     6 ||     6
  Use: Scroll            |     7 |     4 ||    11
       Potion            |       |     2 ||     2
 Stab: Paralysed         |       |     3 ||     3
  Eat: Chunk             |     3 |     2 ||     5
